 Dungeon Crawl Stone Soup version 0.20.0-3-g22ec75f (webtiles) character file.

12085 Chiseanne the Thaumaturge (level 11, -1/64 HPs)
             Began as a Deep Elf Arcane Marksman on May 27, 2017.
             Was a High Priest of Vehumet.
             Slain by a black mamba (8 damage)
             ... on level 1 of the Lair of Beasts.
             The game lasted 00:55:13 (17430 turns).

Chiseanne the Thaumaturge (DEAM)                   Turns: 17430, Time: 00:55:13

Health: -1/64      AC: 15    Str:  9    XL:     11   Next: 57%
Magic:  35/39      EV:  2    Int: 20    God:    Vehumet [*****.]
Gold:   374        SH:  0    Dex: 25    Spells: 11/36 levels left

rFire    . . .     SeeInvis .   a - +10 trident "Xiroroh" {venom, Dex+7 Stlth+}
rCold    + . .     Gourm    +   (no shield)
rNeg     + + +     Faith    .   C - +3 leather armour {rC+}
rPois    ∞         Spirit   .   H - +1 helmet
rElec    .         Reflect  .   z - +0 cloak
rCorr    .         Harm     .   F - +2 pair of gloves {Dex+3}
MR       +....                  n - +2 pair of boots
Stlth    +++.......             x - amulet of the gourmand
Regen    0.2/turn               M - ring of positive energy
MPRegen  0.3/turn               b - ring of magical power

@: lethally poisoned (-1 -> -1), petrified
A: no striking features
a: Renounce Religion


You were on level 1 of the Lair of Beasts.
You worshipped Vehumet.
Vehumet was extremely pleased with you.
You were completely stuffed.

You visited 2 branches of the dungeon, and saw 13 of its levels.
You also visited: Ossuary.

You collected 730 gold pieces.
You spent 356 gold pieces at shops.

Inventory:

Hand Weapons
 a - the +10 trident "Xiroroh" (weapon) {venom, Dex+7 Stlth+}
   (You found it on level 8 of the Dungeon)

   It poisons the flesh of those it strikes.
   It affects your dexterity (+7).
   It makes you more stealthy.
 d - a +5 flail of protection
 s - the +6 hand axe of Starshine {drain, rElec rN+ Int+5 Stlth+}
   (You bought it in a shop on level 9 of the Dungeon)

   A truly terrible weapon, it drains the life of those it strikes.
   It affects your intelligence (+5).
   It insulates you from electricity.
   It protects you from negative energy.
   It makes you more stealthy.
 w - a +1 hand crossbow of flaming
Missiles
 j - 122 bolts
 q - 2 throwing nets (quivered)
Armour
 l - +0 acid dragon scales
 n - a +2 pair of boots (worn)
 z - a +0 cloak (worn)
 C - a +3 leather armour of cold resistance (worn)
 F - a +2 pair of gloves of dexterity (worn)
 H - a +1 helmet (worn)
Magical Staves
 G - an uncursed staff of power
Jewellery
 b - a ring of magical power (right hand)
 x - an amulet of the gourmand (around neck)
 y - a +3 ring of evasion
 D - a +4 ring of strength
 K - the ring of Vaomp {+Inv Str+6 Int+3 Slay-3 Stlth-}
   (You found it on level 6 of the Dungeon)

   [ring of loudness]

   It affects your strength (+6).
   It affects your intelligence (+3).
   It affects your accuracy and damage with ranged weapons and melee attacks
   (-3).
   It lets you turn invisible.
   It makes you less stealthy.
 M - a ring of positive energy (left hand)
Wands
 h - a wand of paralysis (13/24)
 r - a wand of lightning (4/15)
 u - a wand of iceblast (7/15)
 E - a wand of lightning (3/15)
 J - a wand of lightning (8/15)
 S - a wand of acid (8/15)
Scrolls
 e - 4 scrolls of identify
 i - 6 scrolls of teleportation
 m - 4 scrolls of recharging
 o - 3 scrolls of fog
 B - 7 scrolls of remove curse
 L - a scroll of fear
 Q - 4 scrolls of magic mapping
 R - 2 scrolls of immolation
Potions
 p - 3 potions of flight
 A - 4 potions of curing
 I - 2 potions of lignification
 P - 2 potions of berserk rage
Books
 c - a book of Debilitation

   Spells                             Type                      Level
   a - Corona                         Hexes                        1
   b - Slow                           Hexes                        2
   c - Inner Flame                    Hexes/Fire                   3
   d - Portal Projectile              Hexes/Translocation          3
   e - Cause Fear                     Hexes                        4
   f - Leda's Liquefaction            Hexes/Earth                  4
 U - a book of Battle

   Spells                             Type                      Level
   a - Infusion                       Charms                       1
   b - Shroud of Golubria             Charms/Translocation         2
   c - Song of Slaying                Charms                       2
   d - Spectral Weapon                Hexes/Charms                 3
   e - Regeneration                   Charms/Necromancy            3
Miscellaneous
 k - a phial of floods
Comestibles
 f - 10 bread rations
 g - 9 royal jellies
 t - 5 meat rations
 v - 8 fruits
 N - 2 chunks of flesh


   Skills:
 - Level 5.3 Fighting
   Level 3.8 Bows
 - Level 3.1 Armour
 * Level 10.6 Dodging
 * Level 13.1 Spellcasting
 * Level 9.6 Conjurations
 - Level 5.8 Hexes
 * Level 3.0 Summonings


You had 11 spell levels left.
You knew the following spells:

 Your Spells              Type           Power        Failure   Level  Hunger
a - Searing Ray           Conj           ######       1%          2    None
b - Dazzling Spray        Conj/Hex       #####.       1%          3    None
c - Throw Icicle          Conj/Ice       ####....     2%          4    None
d - Static Discharge      Conj/Air       ####....     1%          3    None
e - Slow                  Hex            #####...     1%          2    None
f - Spellforged Servitor  Conj/Summ      #####.....   67%         7    #######
g - Cause Fear            Hex            #####.....   6%          4    None


Dungeon Overview and Level Annotations

Branches:
Dungeon (12/15)            Temple (0/1) D:7            Lair (1/6) D:8
    Orc (0/2) D:10

Altars:
Fedhas
Hepliaklqana
Kikubaaqudgha
Qazlal
Uskayaw
Vehumet
Zin
The Shining One

Shops:
D:6 }   D:9 (

Annotations:
D:6 Unholydonuts's ghost, novice GrGl


Message History

The black mamba is severely wounded.
The lightning arcs!
You are struck by lightning.
The lightning grounds out.
You feel sick. The black mamba closely misses you. The black mamba bites you!
The basilisk gazes at you.
You easily resist.
The black mamba bites you.
You have turned to stone.
The black mamba bites you. The basilisk bites you! The black mamba bites you.
The basilisk bites you. The black mamba bites you!
* * * LOW HITPOINT WARNING * * *
The black mamba bites you but does no damage.
The basilisk gazes at you.
The black mamba bites you but does no damage.
The black mamba bites you!
* * * LOW HITPOINT WARNING * * *
The basilisk bites you but does no damage.
The black mamba bites you!
* * * LOW HITPOINT WARNING * * *
The black mamba bites you but does no damage.
The basilisk gazes at you.
You easily resist.
The black mamba bites you!
You die...

..#.....### ..>........
............. .
.............## ..
..#...........# ...
..#...........# ....
..............#### .....
..#...........##.#......
÷.#.............@l...#
..##...........##S####
..##...........# ##
..##...........##
..###...........# #.#
##.......#### ###
####.#### ###


You could see a black mamba and a basilisk.

Vanquished Creatures
  A two-headed ogre (D:11)
  Joseph (D:7)
  A spiny frog (Lair:1)
  The ghost of Manul the Sneak, a novice SpAs of Uskayaw (D:8)
  A troll (D:11)
  A hornet (D:10)
  A hippogriff (D:12)
  A wraith (D:11)
  17 yaks
  Menkaure (Ossuary)
  A hungry ghost (D:12)
  2 acid dragons (D:11)
  4 water moccasins (Lair:1)
  5 ice beasts
  8 orc warriors
  A hornet zombie (D:8)
  A phantom (D:10)
  An eye of draining (D:11)
  4 sky beasts
  8 ogres
  6 centaurs
  A necrophage (D:9)
  A crocodile (D:8)
  3 big kobolds
  7 bullfrogs
  A wyvern zombie (D:10)
  6 scorpions
  9 killer bees
  5 wights (D:10)
  3 howler monkeys
  10 crimson imps
  A bullfrog zombie (D:6)
  A quasit (D:6)
  2 centaur zombies
  7 hounds
  2 jellies (D:6)
  12 orc wizards
  4 bullfrog skeletons
  3 orc priests
  An iguana (D:6)
  5 worker ants
  A killer bee zombie (D:9)
  A human simulacrum (D:11)
  A hound zombie (D:9)
  A hound skeleton (D:6)
  2 mummies (Ossuary)
  A howler monkey zombie (D:5)
  14 adders
  3 gnolls (D:5)
  A howler monkey skeleton (D:5)
  2 shadow imps
  An ooze (D:5)
  4 adder skeletons
  An adder zombie (D:7)
  2 worms (D:5)
  A dart slug (D:3)
  9 leopard geckos
  34 orcs
  6 giant cockroaches
  4 goblins (D:3)
  6 hobgoblins
  6 jackals
  3 quokkas
  3 bats
  11 frilled lizards
  2 gnoll skeletons (Ossuary)
  3 gnoll zombies (Ossuary)
  5 goblin skeletons (Ossuary)
  3 goblin zombies (Ossuary)
  3 hobgoblin skeletons (Ossuary)
  16 kobolds
  3 kobold skeletons (Ossuary)
  4 kobold zombies (Ossuary)
  A leopard gecko skeleton (D:4)
  An orc skeleton (Ossuary)
  2 quokka zombies (D:6)
  4 rats
  2 rat skeletons (Ossuary)
  2 rat zombies (Ossuary)
  A butterfly (D:7)
321 creatures vanquished.

Vanquished Creatures (others)
  A human simulacrum (D:11)
  A mummy (Ossuary)
  A gnoll zombie (Ossuary)
  A gnoll skeleton (Ossuary)
  2 goblin skeletons (Ossuary)
  5 goblin zombies (Ossuary)
  2 hobgoblin skeletons (Ossuary)
  4 hobgoblin zombies (Ossuary)
  2 kobold skeletons (Ossuary)
  A kobold zombie (Ossuary)
  An orc skeleton (Ossuary)
  An orc zombie (Ossuary)
  A rat skeleton (Ossuary)
  A rat zombie (Ossuary)
24 creatures vanquished.

Grand Total: 345 creatures vanquished

Notes
Turn   | Place    | Note
-------+----------+-------------------------------------------
     0 | D:1      | Chiseanne the Deep Elf Arcane Marksman began the quest for the Orb.
     0 | D:1      | Reached XP level 1. HP: 11/11 MP: 5/5
   525 | D:1      | Reached skill level 2 in Spellcasting
  1048 | D:1      | Reached XP level 2. HP: 13/16 MP: 7/7
  1815 | D:1      | Reached skill level 1 in Fighting
  2140 | D:2      | Reached XP level 3. HP: 8/20 MP: 6/8
  2444 | D:2      | Found a hazy altar of Hepliaklqana.
  2916 | D:2      | Found a glowing silver altar of Zin.
  3019 | D:2      | Reached skill level 3 in Spellcasting
  3019 | D:2      | Reached XP level 4. HP: 25/25 MP: 8/10
  3579 | D:3      | Learned a level 2 spell: Slow
  4153 | D:4      | Reached skill level 5 in Hexes
  4153 | D:4      | Reached XP level 5. HP: 29/29 MP: 10/12
  4371 | D:4      | Reached skill level 4 in Spellcasting
  4371 | D:4      | Reached XP level 6. HP: 31/35 MP: 9/14
  4742 | D:4      | Found a stormy altar of Qazlal.
  4742 | D:4      | Found a radiant altar of Vehumet.
  4749 | D:4      | Became a worshipper of Vehumet
  4999 | D:5      | Entered Level 5 of the Dungeon
  5224 | D:5      | Noticed an ice beast
  5553 | D:5      | Reached skill level 5 in Spellcasting
  5560 | D:5      | Got an amethyst-encrusted chain mail
  5620 | D:5      | Identified the +7 chain mail of the Empire {Str+4 Stlth+} (You took it off a gnoll on level 5 of the Dungeon)
  5776 | D:5      | Reached XP level 7. HP: 26/40 MP: 15/17
  5922 | D:5      | Reached skill level 1 in Armour
  6228 | D:5      | Reached * piety under Vehumet
  6228 | D:5      | Offered knowledge of Sandblast by Vehumet.
  6328 | D:5      | Reached skill level 6 in Spellcasting
  6992 | D:5      | Reached XP level 8. HP: 45/48 MP: 19/19
  7142 | D:6      | Reached skill level 7 in Spellcasting
  7191 | D:6      | Found Woamm's Quality Used Wands.
  7255 | D:6      | Found a sand-covered staircase.
  7256 | D:6      | Found a blossoming altar of Fedhas.
  7262 | Ossuary  | Entered an ossuary
  7364 | Ossuary  | Offered knowledge of Searing Ray by Vehumet.
  7368 | Ossuary  | Learned a level 2 spell: Searing Ray
  7538 | Ossuary  | Reached ** piety under Vehumet
  7610 | Ossuary  | Noticed Menkaure
  7610 | Ossuary  | Killed Menkaure
  7688 | D:6      | Reached skill level 1 in Conjurations
  8078 | D:6      | Reached skill level 8 in Spellcasting
  8201 | D:6      | Reached skill level 5 in Fighting
  8314 | D:6      | Found an ancient bone altar of Kikubaaqudgha.
  8328 | D:6      | Found a hide-covered altar of Uskayaw.
  8346 | D:6      | Noticed Unholydonuts's ghost (novice GrGl)
  8548 | D:7      | Noticed Joseph
  8900 | D:6      | Got a flickering ivory ring
  8937 | D:6      | Reached XP level 9. HP: 54/54 MP: 13/23
  9164 | D:5      | Identified the ring of Vaomp {+Inv Str+6 Int+3 Slay-3 Stlth-} (You found it on level 6 of the Dungeon)
  9253 | D:6      | Offered knowledge of Static Discharge by Vehumet.
  9258 | D:6      | Learned a level 3 spell: Static Discharge
  9623 | D:6      | Reached skill level 5 in Dodging
  9696 | D:7      | Reached skill level 9 in Spellcasting
  9756 | D:7      | Killed Joseph
  9763 | D:7      | Reached *** piety under Vehumet
  9951 | D:7      | Reached skill level 5 in Conjurations
 10397 | D:7      | Found a staircase to the Ecumenical Temple.
 10400 | D:7      | Reached skill level 10 in Spellcasting
 10484 | D:7      | Offered knowledge of Dazzling Spray by Vehumet.
 10498 | D:7      | Learned a level 3 spell: Dazzling Spray
 10860 | D:8      | Got a transparent trident
 10861 | D:8      | Identified the +10 trident "Xiroroh" {venom, Dex+7 Stlth+} (You found it on level 8 of the Dungeon)
 10924 | D:8      | HP: 2/54 [orc warrior/hand axe (16)]
 11353 | D:8      | Found a glowing golden altar of the Shining One.
 11604 | D:8      | Learned a level 4 spell: Cause Fear
 11651 | D:8      | Noticed Manul's ghost (novice SpAs)
 11670 | D:8      | Killed Manul's ghost
 11670 | D:8      | Reached XP level 10. HP: 55/59 MP: 26/26
 11953 | D:8      | Found a staircase to the Lair.
 12293 | D:9      | Reached **** piety under Vehumet
 12323 | D:9      | Reached skill level 11 in Spellcasting
 12359 | D:9      | Offered knowledge of Throw Icicle by Vehumet.
 12365 | D:9      | Learned a level 4 spell: Throw Icicle
 13063 | D:9      | Found Barearr's Antique Weapon Boutique.
 13069 | D:9      | Bought an ichor-stained hand axe for 184 gold pieces
 13069 | D:9      | Bought a transparent whip for 172 gold pieces
 13070 | D:9      | Identified the +8 whip of Usor {flame, rPois rF+ Int-5} (You bought it in a shop on level 9 of the Dungeon)
 13073 | D:9      | Identified the +6 hand axe of Starshine {drain, rElec rN+ Int+5 Stlth+} (You bought it in a shop on level 9 of the Dungeon)
 13308 | D:10     | Entered Level 10 of the Dungeon
 13436 | D:10     | Found a staircase to the Orcish Mines.
 14869 | D:11     | Noticed a two-headed ogre
 14896 | D:11     | Reached skill level 12 in Spellcasting
 15019 | D:11     | Killed a two-headed ogre
 15019 | D:11     | Reached XP level 11. HP: 43/64 MP: 29/29
 15638 | D:11     | Reached ***** piety under Vehumet
 15748 | D:11     | Offered knowledge of Spellforged Servitor by Vehumet.
 15820 | D:11     | Learned a level 7 spell: Spellforged Servitor
 15995 | D:11     | Reached skill level 10 in Dodging
 16194 | D:12     | Noticed a purple ugly thing
 16305 | D:12     | Noticed a death knight
 16320 | D:12     | Reached skill level 1 in Summonings
 16696 | Lair:1   | Entered Level 1 of the Lair of Beasts
 16793 | Lair:1   | Reached skill level 13 in Spellcasting
 17430 | Lair:1   | Slain by a black mamba

Skill      XL: |  1  2  3  4  5  6  7  8  9 10 11 |
---------------+----------------------------------+-----
Spellcasting   | 2 3 4 5 6 8 10 12 13 | 13.1
Fighting       | 1 2 3 5 |  5.3
Dodging        | 3 4 7 9 10 | 10.6
Bows           | 3 |  3.8
Hexes          | 5 |  5.8
Armour         | 2 3 |  3.1
Conjurations   | 3 6 8 9 |  9.6
Summonings     | 3 |  3.0

Action                   |  1- 3 |  4- 6 |  7- 9 | 10-12 || total
-------------------------+-------+-------+-------+-------++-------
Melee: Short sword       |   121 |    22 |       |       ||   143
       Flail             |       |   200 |   336 |       ||   536
       Trident           |       |       |    25 |   235 ||   260
       Hand axe          |       |       |       |     2 ||     2
 Fire: Shortbow          |    26 |    19 |       |       ||    45
       Hand crossbow     |       |       |    94 |    41 ||   135
Throw: Tomahawk          |       |       |     2 |       ||     2
 Cast: Corona            |    16 |    19 |     7 |       ||    42
       Slow              |       |    15 |     8 |       ||    23
       Searing Ray       |       |       |    15 |    20 ||    35
       Static Discharge  |       |       |     9 |    40 ||    49
       Dazzling Spray    |       |       |       |    34 ||    34
       Throw Icicle      |       |       |       |    29 ||    29
       Cause Fear        |       |       |       |     1 ||     1
Evoke: Wand              |       |       |     3 |       ||     3
  Use: Scroll            |     9 |     4 |    10 |     6 ||    29
       Potion            |     1 |     2 |     6 |     3 ||    12
 Stab: Sleeping          |     1 |       |     1 |     9 ||    11
       Distracted        |       |       |       |     1 ||     1
       Invisible         |       |       |       |     2 ||     2
  Eat: Chunk             |     7 |     9 |    29 |    19 ||    64
Armor: Leather armour    |    47 |    71 |   134 |    85 ||   337
       Chain mail        |       |    18 |   174 |       ||   192
Dodge: Dodged            |   111 |   181 |   314 |   365 ||   971
